Map: Eternal Empire LE

Players

Fear

  • Race: Terran Terran
  • League: Master
  • Spawn Location: 1:00

GamIsSecHome - Winner!

  • Race: Protoss Protoss
  • League: Master
  • Spawn Location: 7:00

VOD

Have the link to the VOD?

Description

Time

  • Played on: Aug. 23, 2020, 11:43 a.m.
  • Length: 16:20
Show
View Real Time Build Order
Export as new Build Order

Fear Terran 

Build Orders: 1/1/1, Cyclone Opening 

Get SALT Encoding   

  12  0:00  SCV  
  13  0:16  Supply Depot  
  13  0:18  SCV  
  14  0:30  SCV, Refinery  
  15  0:42  Barracks  
  15  0:46  SCV  
  16  0:52  Refinery  
  16  0:58  SCV  
  17  1:12  SCV  
  19  1:25  SCV  
  19  1:31  Factory  
  19  1:32  Barracks Tech Lab  
  19  1:43  Orbital Command  
  19  1:59  Barracks Reactor  
  19  2:08  Supply Depot, SCV  
  20  2:22  Starport  
  20  2:24  Cyclone  
  24  2:30  SCV  
  24  2:34  Marine  
  24  2:35  Marine  
  26  2:42  SCV  
  27  2:46  Supply Depot  
  27  2:52  Marine  
  29  3:02  Siege Tank  
  29  3:04  Starport Tech Lab  
  31  3:08  Marine  
  31  3:10  Marine  
  31  3:12  Supply Depot  
  33  3:15  SCV  
  34  3:41  Marine x2  
  35  3:44  Banshee  
  35  3:45  Siege Tank  
  42  4:08  Marine x2  
  44  4:25  Siege Tank  
  44  4:29  Command Center  
  47  4:31  Marine x2, Banshee  
  52  4:39  Supply Depot  
  52  4:49  Marine x2  
  54  5:04  Engineering Bay  
  47  5:18  Marine x2  
  40  5:36  Marine  
  40  5:38  Marine  
  41  5:43  Barracks  
  36  5:54  Marine, Orbital Command  
  36  6:06  SCV  
  36  6:08  Marine  
  37  6:19  SCV  
  38  6:31  SCV  
  38  6:32  SCV  
  40  6:40  Terran Infantry Weapons Level 1  
  40  6:42  Starport Reactor  
  40  6:43  SCV  
  41  6:47  Marine x2  
  41  6:48  Stimpack  
  41  6:51  Marine  
  44  6:55  Siege Tank  
  44  6:56  SCV  
  44  6:57  Refinery  
  44  6:59  SCV  
  49  7:08  Marine x2, SCV  
  50  7:09  Marine  
  50  7:11  Barracks  
  53  7:17  Medivac  
  53  7:18  Medivac  
  57  7:26  Marine  
  58  7:35  SCV x2  
  58  7:36  Marine x2  
  59  7:44  Supply Depot  
  59  7:46  Factory Reactor  
  59  7:47  SCV  
  59  7:48  SCV  
  58  7:57  Marine x4  
  62  8:06  Armory  
  58  8:15  Marine x2  
  58  8:16  Marine x2  
  62  8:22  SCV x2, Barracks  
  64  8:28  Combat Shield  
  64  8:30  Medivac x2  
  64  8:33  Marine x2  
  64  8:34  SCV, Widow Mine x2  
  75  8:37  SCV, Refinery  
  76  8:41  Terran Infantry Armor Level 1  
  76  8:46  SCV, Barracks Reactor  
  76  8:48  Marine  
  78  8:51  Marine  
  78  8:53  SCV  
  78  8:54  Marine  
  81  8:58  SCV, Widow Mine  
  84  9:04  Widow Mine  
  86  9:10  Barracks Reactor  
  86  9:25  Marine  
  86  9:28  Marine  
  86  9:29  Marine  
  82  9:36  Marine x2  
  81  9:43  Marine  
  78  9:46  Marine x2  
  78  9:47  Marine  
  74  9:52  Marine  
  74  9:54  Marine x2  
  74  9:55  SCV x2  
  77  10:01  Marine  
  77  10:03  Marine  
  77  10:04  Marine  
  77  10:07  SCV  
  73  10:08  Command Center  
  73  10:10  Marine x2  
  73  10:11  Marine  
  73  10:12  Marine  
  74  10:16  Widow Mine  
  74  10:19  Marine  
  75  10:21  Marine  
  75  10:22  Marine  
  75  10:27  Marine  
  75  10:28  Marine  
  78  10:29  Marine  
  78  10:34  Engineering Bay  
  78  10:35  Marine, Terran Infantry Weapons Level 2  
  81  10:37  Medivac  
  81  10:41  Medivac  
  85  10:49  Marine  
  86  11:00  Supply Depot  
  86  11:01  Supply Depot  
  86  11:08  Terran Infantry Armor Level 2  
  86  11:10  Terran Ship Weapons Level 1  
  86  11:16  Starport  
  86  11:19  Marine x2, Medivac  
  86  11:20  Widow Mine x2  
  86  11:22  Marine x3  
  97  11:27  Marine x2  
  97  11:30  Orbital Command  
  97  11:32  SCV  
  100  11:41  Widow Mine x2  
  102  11:48  Ghost Academy  
  102  11:53  Starport Reactor  
  102  11:55  SCV x2  
  102  11:56  SCV  
  102  11:57  Barracks  
  103  12:03  Widow Mine  
  103  12:04  Marine x5  
  103  12:07  SCV x2  
  112  12:14  SCV  
  113  12:18  Supply Depot  
  113  12:19  Supply Depot, SCV x2  
  115  12:29  Refinery  
  117  12:35  Supply Depot  
  117  12:36  Enhanced Shockwaves  
  117  12:40  SCV  
  118  12:45  Barracks Tech Lab  
  118  12:46  Marine x3  
  118  12:47  Medivac x2  
  118  12:49  Medivac  
  127  12:54  Unknown  
  127  12:55  SCV  
  127  12:56  SCV x2  
  132  13:03  Viking  
  136  13:06  Marine x2  
  136  13:08  SCV x2  
  136  13:10  Terran Infantry Weapons Level 3  
  140  13:15  Supply Depot  
  140  13:16  Supply Depot  
  140  13:23  Unknown, Viking  
  140  13:27  Viking  
  140  13:34  Unknown, Factory, Widow Mine x2  
  145  13:35  Terran Ship Weapons Level 2  
  147  14:01  Marine x2  
  151  14:08  Unknown  
  142  14:29  Unknown, Orbital Command, Marauder  
  142  14:31  Unknown  
  142  14:36  Unknown  
  142  14:42  Marine x7  
  143  14:50  Marine  
  135  14:59  Marine  
  121  15:00  Marine x6  
  126  15:08  Marine  
  127  15:17  Marine x3  
  127  15:18  Marine x4, Widow Mine  
  136  15:21  Widow Mine  
  136  15:22  Widow Mine  
  136  15:26  Marine  
  141  15:35  Marine x7  
  141  15:39  Widow Mine  
  144  15:43  Widow Mine  
  144  15:44  Marine  
  144  15:53  Marine x5, Command Center  
Show
View Real Time Build Order
Export as new Build Order

GamIsSecHome Protoss - Winner!

Build Orders: 1 Gate Expand, Carriers 

Get SALT Encoding   

  12  0:00  Probe  
  13  0:12  Probe  
  14  0:17  Pylon  
  14  0:24  Probe (Chrono Boost)  
  15  0:36  Probe (Chrono Boost)  
  15  0:37  Gateway  
  16  0:45  Probe (Chrono Boost)  
  16  0:46  Assimilator  
  17  0:51  Probe  
  18  1:03  Probe (Chrono Boost)  
  19  1:15  Probe (Chrono Boost)  
  20  1:21  Probe (Chrono Boost)  
  20  1:25  Cybernetics Core  
  21  1:29  Probe  
  22  1:38  Nexus  
  22  1:44  Assimilator  
  22  1:50  Pylon  
  22  1:53  Probe  
  23  2:07  Sentry (Chrono Boost)  
  25  2:11  Warp Gate (Chrono Boost)  
  25  2:12  Probe  
  26  2:24  Stalker, Probe  
  26  2:26  Gateway  
  29  2:36  Probe  
  30  2:44  Stargate  
  30  2:50  Probe (Chrono Boost)  
  32  2:53  Probe (Chrono Boost)  
  32  3:00  Probe (Chrono Boost)  
  32  3:03  Probe (Chrono Boost)  
  32  3:05  Probe (Chrono Boost)  
  34  3:06  Gateway  
  34  3:12  Probe  
  36  3:14  Pylon  
  36  3:17  Probe  
  37  3:24  Probe  
  37  3:25  Void Ray  
  38  3:29  Probe  
  41  3:44  Probe  
  41  3:48  Probe  
  38  3:55  Shield Battery  
  38  3:56  Probe  
  38  3:59  Stalker  
  38  4:00  Stalker, Probe  
  44  4:03  Stalker  
  44  4:08  Probe  
  47  4:10  Assimilator  
  47  4:12  Probe  
  47  4:15  Assimilator  
  48  4:18  Void Ray (Chrono Boost)  
  48  4:19  Shield Battery  
  48  4:30  Zealot  
  54  4:34  Pylon  
  54  4:45  Gateway  
  54  4:47  Gateway  
  54  4:52  Probe x2  
  56  4:59  Stalker x3  
  60  5:04  Probe  
  49  5:23  Stalker x3  
  49  5:27  Void Ray (Chrono Boost)  
  51  5:29  Probe  
  52  5:37  Probe  
  52  5:41  Pylon, Probe  
  58  5:45  Nexus  
  58  5:49  Probe, Twilight Council  
  59  5:53  Probe  
  59  5:54  Forge  
  60  6:10  Probe x2  
  62  6:19  Fleet Beacon  
  62  6:22  Probe  
  62  6:23  Protoss Ground Armor Level 1 (Chrono Boost), Charge (Chrono Boost)  
  63  6:28  Photon Cannon  
  63  6:32  Probe  
  64  6:36  Pylon  
  64  6:41  Probe  
  65  6:49  Robotics Facility  
  65  6:51  Pylon  
  65  6:52  Probe  
  65  6:53  Probe, Zealot  
  65  6:54  Pylon  
  69  6:55  Zealot x2  
  69  6:56  Zealot  
  69  6:58  Sentry  
  69  7:00  Probe  
  78  7:05  Probe x2  
  80  7:12  Probe  
  81  7:15  Photon Cannon  
  81  7:17  Probe x2  
  81  7:19  Templar Archives  
  83  7:25  Probe  
  83  7:27  Stalker x2  
  85  7:36  Probe  
  82  7:39  Observer (Chrono Boost)  
  82  7:40  Probe x2  
  85  7:44  Assimilator, Zealot x3  
  85  7:48  Probe, Assimilator  
  92  7:52  Probe (Chrono Boost)  
  92  7:53  Probe (Chrono Boost)  
  92  7:57  Carrier (Chrono Boost)  
  94  8:01  Pylon, Probe (Chrono Boost)  
  94  8:04  Probe (Chrono Boost)  
  103  8:10  Probe (Chrono Boost)  
  103  8:12  Probe (Chrono Boost)  
  102  8:14  Probe (Chrono Boost)  
  102  8:17  Probe (Chrono Boost)  
  104  8:28  Nexus  
  104  8:29  Protoss Ground Armor Level 2 (Chrono Boost)  
  104  8:31  Stargate  
  104  8:32  Probe  
  105  8:36  Photon Cannon  
  105  8:41  Probe  
  105  8:44  Probe  
  107  8:53  Probe  
  107  8:54  Photon Cannon x2, Carrier  
  107  8:55  Pylon  
  114  9:01  Stargate, Immortal (Chrono Boost)  
  116  9:12  Pylon  
  116  9:14  Pylon, Probe  
  116  9:15  Shield Battery  
  117  9:19  High Templar x2  
  117  9:23  Archon  
  117  9:32  Zealot x2  
  117  9:33  Zealot  
  107  9:44  Immortal  
  107  9:45  Probe  
  108  9:52  Zealot x3  
  103  9:53  Zealot  
  103  9:59  Probe x2  
  107  10:14  Zealot x2  
  107  10:15  Carrier x2 (Chrono Boost), Zealot x3  
  115  10:21  Probe  
  115  10:23  Carrier (Chrono Boost)  
  115  10:24  Observer (Chrono Boost)  
  115  10:27  Pylon  
  123  10:37  Robotics Bay  
  123  10:38  Pylon, Probe, Assimilator  
  123  10:39  High Templar  
  123  10:41  Zealot x3  
  132  10:43  Assimilator, High Templar  
  132  10:47  Archon  
  132  10:49  Probe  
  135  10:52  Photon Cannon  
  135  10:53  Shield Battery  
  135  10:56  Photon Cannon  
  135  10:58  Psionic Storm  
  135  11:03  Gateway  
  135  11:05  Gateway  
  135  11:07  Gateway  
  135  11:08  Gateway  
  135  11:09  Pylon  
  135  11:15  Protoss Ground Armor Level 3 (Chrono Boost)  
  135  11:26  Probe  
  135  11:31  Zealot x3  
  135  11:32  High Templar x2  
  146  11:39  Colossus (Chrono Boost)  
  146  11:46  Probe  
  153  11:51  Probe  
  152  12:02  High Templar x2  
  152  12:07  Carrier (Chrono Boost)  
  156  12:12  Protoss Air Weapons Level 1 (Chrono Boost)  
  156  12:14  Zealot  
  156  12:15  Forge  
  164  12:18  Pylon  
  164  12:20  Nexus  
  164  12:23  Unknown  
  164  12:24  Pylon  
  164  12:27  Pylon x2  
  164  12:28  Pylon  
  164  12:33  Carrier (Chrono Boost)  
  170  12:38  Pylon  
  170  12:40  Carrier (Chrono Boost)  
  176  12:45  Protoss Ground Weapons Level 1 (Chrono Boost)  
  176  12:46  Nexus  
  176  12:50  High Templar  
  176  12:51  Photon Cannon, Colossus (Chrono Boost)  
  178  12:52  Photon Cannon  
  178  12:54  Photon Cannon  
  184  13:06  Robotics Facility, Sentry  
  184  13:08  Zealot x2  
  190  13:16  Shield Battery, Zealot x3  
  196  13:21  Pylon  
  196  13:38  Immortal  
  196  13:40  Robotics Facility  
  200  13:42  Shield Battery  
  200  13:47  Pylon  
  200  13:52  Cybernetics Core  
  182  14:26  Zealot  
  182  14:27  Zealot x6  
  182  14:28  Colossus  
  182  14:30  Colossus  
  200  14:44  Archon x2  
  196  14:52  Zealot x5  
  194  14:53  Zealot  
  200  15:08  Photon Cannon  
  200  15:09  Photon Cannon  
  200  15:12  Photon Cannon  
  200  15:13  Shield Battery  
  200  15:16  Pylon  
  200  15:18  Assimilator  
  200  15:23  Assimilator  
  200  15:25  Photon Cannon  
  184  15:59  High Templar x2  
Tags
 
Add a new tag
Caveats
  • Supply blocks, unpowered buildings, or Contaminate may cause inaccurate times.
  • Supply counts are checked every 10 seconds.